 Dungeon Crawl Stone Soup version 0.23-a0-319-gb40ba49 (webtiles) character file.

112 Amnesiac the Digger (level 4, -2/36 HPs)
             Began as a Deep Dwarf Earth Elementalist on Oct 14, 2018.
             Was a Believer of Ru.
             Killed by nerve-wracking pain
             ... invoked by a shadow imp
             ... summoned by Natasha
              (13 damage)
             ... on level 2 of the Dungeon.
             The game lasted 00:03:29 (1234 turns).

Amnesiac the Digger (Deep Dwarf Earth Elementalist) Turns: 1234, Time: 00:03:30

Health: -2/36      AC:  4    Str: 11    XL:     4   Next: 64%
Magic:  5/8        EV: 12    Int: 17    God:    Ru [**....]
Gold:   75         SH:  0    Dex: 13    Spells: 1/8 levels left

rFire    . . .     SeeInvis .   e - +3 dagger
rCold    . . .     Gourm    .   (no shield)
rNeg     . . .     Faith    .   a - +0 leather armour
rPois    .         Spirit   .   (no helmet)
rElec    .         Reflect  .   (no cloak)
rCorr    .         Harm     .   (no gloves)
MR       .....                  m - +0 pair of boots
Stlth    ++........             (no amulet)
HPRegen  0.00/turn              (no ring)
MPRegen  0.11/turn              (no ring)

@: non-regenerating
A: damage resistance, heal wounds, sense surroundings 1, inability to use
devices, no regeneration
a: Heal Wounds, Renounce Religion


You were on level 2 of the Dungeon.
You worshipped Ru.
Ru was pleased with you.
You were not hungry.

You visited 1 branch of the dungeon, and saw 2 of its levels.

You collected 75 gold pieces.

Inventory:

Hand Weapons
 e - a +3 dagger (weapon)
Missiles
 b - 82 stones (quivered)
Armour
 a - a +0 leather armour (worn)
 m - a +0 pair of boots (worn)
Scrolls
 c - a scroll of amnesia {!r, unknown}
 f - 2 scrolls of remove curse {!r, unknown}
 n - a scroll of identify {!r, unknown}
Potions
 h - a potion of resistance {!q, unknown}
 i - 2 potions of degeneration {!q, unknown}
 j - a potion of berserk rage {!q, unknown}
 k - a potion of lignification {!q, unknown}
 l - 2 potions of curing {!q, unknown}
Comestibles
 d - 4 rations
 g - 2 chunks of flesh


   Skills:
 + Level 0.1 Short Blades
 - Level 2.1 Dodging
 - Level 2.4 Stealth
 + Level 2.7 Spellcasting
 - Level 1.0 Transmutations
 * Level 6.3 Earth Magic


You had one spell level left.
You knew the following spells:

 Your Spells              Type           Power        Failure   Level  Hunger
a - Sandblast             Erth           ###...       1%          1    #......
b - Passwall              Tmut/Erth      ##......     8%          2    ##.....
e - Petrify               Tmut/Erth      ##......     45%         4    #####..

Your spell library contained the following spells:

 Spells                   Type           Power        Failure   Level  Hunger
 Stone Arrow              Conj/Erth      ##....       19%         3    ###....
 Lee's Rapid Deconstruct  Erth           ###.......   45%         5    ######.


Dungeon Overview and Level Annotations

Branches:
Dungeon (2/15)

Altars:
Ru

Annotations:
D:2 Natasha


Innate Abilities, Weirdness & Mutations

You are resistant to damage.
You can heal yourself by infusing magical energy.
You passively map a small area around you.
You cannot study or use magical devices.
You do not regenerate.


Message History

You see here an adder skeleton.
Natasha, Servant of Life and Death comes into view.
Natasha hisses angrily.
Natasha is nearby!
Natasha mumbles some strange words.
Casting: Sandblast (safe; 1% risk of failure)
Confirm with . or Enter, or press ? or * to list all spells.
Aiming: Sandblast (safe; 1% risk of failure)
Press: ? - help, Shift-Dir - straight line, f - shadow imp
Aim: a shadow imp (summoned)
The blast of sand hits the shadow imp.
The shadow imp is severely wounded.
b - 84 stones
Casting: Sandblast (safe; 1% risk of failure)
Confirm with . or Enter, or press ? or * to list all spells.
Aiming: Sandblast (safe; 1% risk of failure)
Press: ? - help, Shift-Dir - straight line, f/p - shadow imp
Aim: a shadow imp (severely wounded, summoned)
The blast of sand misses the shadow imp.
The blast of sand hits Natasha.
Natasha is heavily wounded.
b - 83 stones Natasha growls.
Natasha casts a spell.
The shadow imp hits you.
* * * LOW HITPOINT WARNING * * *
Ru believes you are ready to make a new sacrifice.
Ru asks you to sacrifice your experiences.
This is an incredible sacrifice.
Piety after sacrifice: **....
Do you really want to make this sacrifice?
Okay, then.
Ru asks you to sacrifice all use of magical tools.
This is an incredible sacrifice.
Piety after sacrifice: **....
Do you really want to make this sacrifice?
Okay, then.
Ru asks you to sacrifice your ability to go unnoticed.
This is a modest sacrifice.
Piety after sacrifice: ......
Do you really want to make this sacrifice?
Okay, then.
Unknown command.
Ru asks you to sacrifice your experiences.
This is an incredible sacrifice.
Piety after sacrifice: **....
Do you really want to make this sacrifice?
Okay, then.
Ru asks you to sacrifice all use of magical tools.
This is an incredible sacrifice.
Piety after sacrifice: **....
Do you really want to make this sacrifice?
You can no longer study or use magical devices.
You exude an aura of power that intimidates your foes.
Your aura of power can strike those that harm you.
Natasha begins to cast a spell, but is stunned by your will!
The shadow imp hits you.
* * * LOW HITPOINT WARNING * * *
Casting: Sandblast (safe; 1% risk of failure)
Confirm with . or Enter, or press ? or * to list all spells.
Aiming: Sandblast (safe; 1% risk of failure)
Press: ? - help, Shift-Dir - straight line, f/p - shadow imp
Aim: a shadow imp (severely wounded, summoned)
The blast of sand hits the shadow imp.
The shadow imp is almost dead.
b - 82 stones The shadow imp gestures at you.
Pain shoots through your body!
You die...

, *, * * ** ### * , ..#
#.# # * #.#.#*
########.#.##.## *####
....h55@........ ,....
*, ########.#.##.#
########
########.#.##...........
........................
########.#.##### ######.
* #.#.# #. #.#.# #.
#.#.# ####. * #.#.#
#....


You could see Natasha and 2 shadow imps.

Vanquished Creatures
  Natasha (twice) (D:2)
  2 adders (D:2)
  An ooze (D:1)
  3 leopard geckos
  A giant cockroach (D:1)
  3 goblins
  7 hobgoblins
  A quokka (D:2)
  A ball python (D:2)
  4 bats
  7 kobolds
  8 rats
40 creatures vanquished.

Notes
Turn   | Place    | Note
-------+----------+-------------------------------------------
     0 | D:1      | Amnesiac the Deep Dwarf Earth Elementalist began the quest
                  | for the Orb.
     0 | D:1      | Reached XP level 1. HP: 15/15 MP: 3/3
   199 | D:2      | Found a sacrificial altar of Ru.
   207 | D:2      | Noticed Natasha
   209 | D:2      | Noticed a crimson imp
   209 | D:2      | Became a worshipper of Ru the Awakened
   235 | D:1      | Reached XP level 2. HP: 17/22 MP: 3/5
   392 | D:1      | Reached skill level 5 in Earth Magic
   617 | D:1      | Reached XP level 3. HP: 17/28 MP: 4/6
   621 | D:1      | Learned a level 2 spell: Passwall
   839 | D:2      | Killed Natasha
   859 | D:2      | Noticed Natasha
   861 | D:2      | Killed Natasha
   861 | D:2      | Reached skill level 6 in Earth Magic
   861 | D:2      | Reached XP level 4. HP: 18/36 MP: 1/7
   903 | D:2      | Learned a level 4 spell: Petrify
  1078 | D:2      | Reached skill level 1 in Transmutations
  1229 | D:2      | Noticed Natasha
  1233 | D:2      | Gained mutation: You cannot study or use magical devices.
                  | [Ru sacrifice]
  1233 | D:2      | Reached * piety under Ru
  1233 | D:2      | Reached ** piety under Ru
  1234 | D:2      | Killed from afar by a shadow imp

Vault maps used:
D:1:      roderic_crop_circles_arrival_small, kennysheep_small_spiral,
          serial_bayou_ford_a, hangedman_decor_points, minmay_pentomino_o2
D:2:      nicolae_ru_sacrificial_ziggurat, uniq_natasha, uniq_jessica

Skill      XL: |  1  2  3  4 |
---------------+-------------+-----
Spellcasting   | 2 |  2.7
Earth Magic    | 5 6 |  6.3
Transmutations | 1 |  1.0
Short Blades   | |  0.1
Dodging        | |  2.1
Stealth        | |  2.4

Action                   |  1- 3 |  4- 6 || total
-------------------------+-------+-------++-------
Melee: Unarmed           |    23 |       ||    23
       Dagger            |    19 |    10 ||    29
 Cast: Sandblast         |    32 |    11 ||    43
Invok: Sacrifice Artific |       |     1 ||     1
  Use: Scroll            |     1 |       ||     1
 Stab: Sleeping          |     2 |     2 ||     4
  Eat: Chunk             |       |     2 ||     2
Armor: Robe              |    14 |       ||    14
       Leather armour    |    15 |       ||    15
Dodge: Dodged            |    46 |     4 ||    50

Table legend:
 A = Non-vault XP
 B = Vault XP
 C = Vault XP percentage of total XP
 D = Non-vault monster count
 E = Vault monster count
 F = Vault count percentage of total count
                 A         B        C        D         E       F
            +---------+---------+-------+---------+---------+-------
      Total |     122 |      39 |  24.2 |      37 |       3 |   7.5
            +---------+---------+-------+---------+---------+-------
        D:1 |      42 |       2 |   4.5 |      22 |       2 |   8.3
        D:2 |      80 |      37 |  31.6 |      15 |       1 |   6.2
            +---------+---------+-------+---------+---------+-------
